 Dungeon Crawl Stone Soup version 0.27-a0-1342-ga99462a43c (webtiles) character file.

Game seed: 12198992180103036695

742 Delamore the Covert (level 7, -3/49 HPs)
             Began as an Octopode Brigand on June 27, 2021.
             Slain by a centaur zombie (5 damage)
             ... in an ossuary.
             The game lasted 00:05:26 (4510 turns).

Delamore the Covert (Octopode Brigand)              Turns: 4510, Time: 00:05:27

Health: -3/49      AC:  1    Str: 11    XL:     7   Next: 76%
Magic:  7/7        EV: 12    Int: 13    God:
Gold:   186        SH:  0    Dex: 15    Spells: 6/6 levels left

rFire    . . .     SeeInvis +   a - +3 dagger
rCold    . . .     Faith    .   (no shield)
rNeg     . . .     Spirit   .   (helmet restricted)
rPois    .         Reflect  .   (no amulet)
rElec    .         Harm     .   e - ring of see invisible
rCorr    .         Rampage  .   (no ring)
Will     .....                  (no ring)
Stlth    +++++.....             (no ring)
HPRegen  0.16/turn              (no ring)
MPRegen  0.10/turn              (no ring)
                                (no ring)
                                (no ring)

@: no status effects
A: almost no armour, amphibious, 8 rings, camouflage 1, gelatinous body 1,
(nimble swimmer 1), tentacles
a: no special abilities


You were in an ossuary.
You visited 1 branch of the dungeon, and saw 5 of its levels.
You also visited: Ossuary.

You collected 186 gold pieces.

Inventory:

Hand Weapons
 a - a +3 dagger (weapon)
Missiles
 b - 29 poisoned darts
 c - 2 curare-tipped darts
 g - 8 boomerangs (quivered)
Jewellery
 e - a ring of see invisible (left tentacle)
Wands
 i - a wand of charming (5)
Scrolls
 d - a scroll of summoning
 f - 3 scrolls of fear
 h - a scroll of identify


   Skills:
 + Level 4.4 Fighting
 + Level 4.5 Short Blades
 - Level 2.0 Throwing
 - Level 1.0 Dodging
 * Level 9.9 Stealth


You had 6 spell levels left.
You didn't know any spells.
Your spell library contained the following spells:

 Spells                   Type           Power      Damage    Failure   Level
 Freeze                   Ice            0%         1d3       30%         1
 Frozen Ramparts          Ice            0%         1d2       67%         3
 Ozocubu's Armour         Ice            0%         N/A       67%         3
 Hailstorm                Conj/Ice       0%         3d3       97%         4
 Metabolic Englaciation   Hex/Ice        0%         N/A       100%        5


Dungeon Overview and Level Annotations

Branches:
Dungeon (5/15)            Ossuary (1/1)
 Temple: D:4-7

Altars:
Ru
Yredelemnul


Innate Abilities, Weirdness & Mutations

You cannot wear most types of armour.
You are amphibious.
You can wear up to eight rings at the same time.
Your skin changes colour to match your surroundings (Stealth+).
Your rubbery body absorbs attacks. (AC +1, EV +1)
((You are camouflaged near water. (Stealth+)))
You have tentacles for arms and can constrict up to eight enemies at once.


Message History

You constrict the bullfrog zombie. The bullfrog zombie closely misses you.
You puncture the bullfrog zombie!
The bullfrog zombie is almost destroyed.
You constrict the bullfrog zombie. The bullfrog zombie hits you.
* * * LOW HITPOINT WARNING * * *
You hit the bullfrog zombie. You squeeze the bullfrog zombie.
You destroy the bullfrog zombie!
You hit the centaur zombie but do no damage.
The centaur zombie barely misses you. The centaur zombie kicks you.
* * * LOW HITPOINT WARNING * * *
You completely miss the centaur zombie.
You squeeze the centaur zombie, but do no damage.
The centaur zombie hits you.
* * * LOW HITPOINT WARNING * * *
The centaur zombie kicks you.
* * * LOW HITPOINT WARNING * * *
You feel better. The centaur zombie hits you.
* * * LOW HITPOINT WARNING * * *
The centaur zombie barely misses you.
You hit the centaur zombie. You squeeze the centaur zombie!
The centaur zombie is moderately damaged.
The centaur zombie misses you. The centaur zombie closely misses you.
You hit the centaur zombie. You squeeze the centaur zombie.
The centaur zombie is heavily damaged.
The centaur zombie hits you.
* * * LOW HITPOINT WARNING * * *
The centaur zombie misses you.
You hit the centaur zombie.
The centaur zombie is severely damaged.
The centaur zombie hits you.
* * * LOW HITPOINT WARNING * * *
The centaur zombie kicks you.
* * * LOW HITPOINT WARNING * * *
You hit the centaur zombie but do no damage.
You squeeze the centaur zombie!
The centaur zombie is almost destroyed.
The centaur zombie barely misses you. The centaur zombie kicks you.
* * * LOW HITPOINT WARNING * * *
The centaur zombie hits you.
You die...

###### .#.#.#
###+#+#'#'#'#+#+#
#.'......ZM.....+
###.##Z##+##'##.#
+ #.@.# ≈.. #.∩.#
≈≈≈≈# #..∩# ≈.M##
##### ≈≈≈# ≈.P#
M###


You could see a centaur zombie.

Vanquished Creatures
  An ogre (D:5)
  A bullfrog (D:4)
  A scorpion (D:4)
  A bullfrog zombie (Ossuary)
  2 centaur zombies (Ossuary)
  2 orc priests (D:3)
  A bullfrog skeleton (D:5)
  A hound skeleton (D:3)
  6 mummies (Ossuary)
  5 adders
  4 worms
  3 dart slugs
  8 orcs
  2 endoplasms
  3 giant cockroaches
  4 hobgoblins
  5 jackals
  8 quokkas
  3 ball pythons
  10 bats
  4 frilled lizards
  7 goblins
  7 kobolds
  3 rats
92 creatures vanquished.

Vanquished Creatures (collateral kills)
  An ogre (D:4)
  A scorpion (D:4)
2 creatures vanquished.

Vanquished Creatures (others)
  3 withered plants (Ossuary)
3 creatures vanquished.

Grand Total: 97 creatures vanquished

Notes
Turn   | Place    | Note
-------+----------+-------------------------------------------
     0 | D:1      | Delamore the Octopode Brigand began the quest for the Orb.
     0 | D:1      | Reached XP level 1. HP: 14/14 MP: 1/1
   164 | D:1      | Reached XP level 2. HP: 19/19 MP: 2/2
   455 | D:1      | Found a faded altar of an unknown god.
   581 | D:2      | Reached skill level 6 in Stealth
   581 | D:2      | Reached XP level 3. HP: 19/25 MP: 3/3
  1163 | D:2      | Reached XP level 4. HP: 17/30 MP: 4/4
  2315 | D:3      | Reached skill level 7 in Stealth
  2703 | D:3      | Reached XP level 5. HP: 7/36 MP: 5/5
  3120 | D:4      | Noticed an ogre
  3125 | D:4      | Killed an ogre
  3126 | D:4      | Reached skill level 8 in Stealth
  3126 | D:4      | Reached XP level 6. HP: 42/42 MP: 6/6
  3170 | D:4      | Found a basalt altar of Yredelemnul.
  3705 | D:4      | Found a sacrificial altar of Ru.
  4272 | D:5      | Entered Level 5 of the Dungeon
  4290 | D:5      | Reached XP level 7. HP: 42/47 MP: 7/7
  4299 | D:5      | Reached skill level 9 in Stealth
  4406 | D:5      | Found a sand-covered staircase.
  4414 | Ossuary  | Entered an ossuary
  4510 | Ossuary  | HP: 2/49 [centaur zombie (2)]
  4510 | Ossuary  | Slain by a centaur zombie

Illustrated notes

Levels and vault maps discovered:
D:1:      mrwooster_arrival_arrow, layout_rooms,
          hellmonk_ecumenical_altar_inner_sanctum
D:2:      layout_rooms
D:3:      layout_loops_ring, dk_noncrumbling_2
D:4:      layout_cave_pods, lemuel_doored_altar, nicolae_ru_path_of_blood,
          chequers_garden, corexii_leaking_fountain
D:5:      layout_basic, chequers_ossuary_entry_cave
Ossuary:  ossuary_zaba_flooded

Skill      XL: |  1  2  3  4  5  6  7 |
---------------+----------------------+-----
Stealth        | 6 7 8 9 |  9.9
Short Blades   | 3 4 |  4.5
Fighting       | 3 4 |  4.4
Throwing       | |  2.0
Dodging        | |  1.0

Action                   |  1- 3 |  4- 6 |  7- 9 || total
-------------------------+-------+-------+-------++-------
Melee: Dagger            |    65 |    88 |    67 ||   220
       Constrict         |    12 |    21 |     8 ||    41
       Tentacles         |     6 |    19 |    20 ||    45
Throw: Dart              |       |    22 |     4 ||    26
       Boomerang         |       |       |     2 ||     2
Evoke: Wand              |       |       |     4 ||     4
  Use: Scroll            |       |     5 |     1 ||     6
       Potion            |       |       |     2 ||     2
 Stab: Sleeping          |    13 |    19 |       ||    32
       Distracted        |       |       |     1 ||     1
Armor: Skin              |     3 |     5 |    10 ||    18
Dodge: Dodged            |    35 |    29 |    39 ||   103

Table legend: (Time is in decaauts)
 A = Elapsed time spent in this place.
 B = Non-inter-level travel time spent in this place.
 C = Inter-level travel time spent in this place.
 D = Time resting spent in this place.
 E = Time spent auto-exploring this place.
 F = Levels seen in this place.
 G = Mean time per level.
                   A        B        C        D        E       F      G
               +--------+--------+--------+--------+--------+-----+--------+
         Total |   4472 |   4308 |    164 |    745 |   2764 |   6 |  745.3 |
       Dungeon |   4388 |   4224 |    164 |    745 |   2761 |   5 |  877.6 |
       Ossuary |     84 |     84 |      0 |      0 |      3 |   1 |   84.0 |
               +--------+--------+--------+--------+--------+-----+--------+

Top non-repeatable levels by time:
     D:2: 1484 daAuts
     D:4: 1144 daAuts
     D:3: 1061 daAuts
     D:1: 559 daAuts
     D:5: 138 daAuts
 Ossuary: 84 daAuts
